 Dungeon Crawl Stone Soup version 0.23-a0-448-g1c01f63178 (webtiles) character file.

79408 LLavrengius the Impassioned (level 15, -3/139 HPs)
             Began as a Hill Orc Fighter on Nov 20, 2018.
             Was an Elder of Uskayaw.
             Killed from afar by a naga mage (7 damage)
             ... with a bolt of poison
             ... on level 1 of the Snake Pit.
             The game lasted 01:58:00 (28234 turns).

LLavrengius the Impassioned (Hill Orc Fighter)     Turns: 28234, Time: 01:58:01

Health: -3/139     AC: 25    Str: 26    XL:     15   Next: 63%
Magic:  0/36       EV:  7    Int:  8    God:    Uskayaw [****..]
Gold:   1265       SH: 15    Dex: 10    Spells: 14/14 levels left

rFire    + . .     SeeInvis .   g - +6 broad axe (vamp)
rCold    + + .     Gourm    .   E - +2 shield
rNeg     . . .     Faith    .   p - +2 plate armour {rC+}
rPois    .         Spirit   +   q - +2 helmet
rElec    .         Reflect  .   D - scarf {rC+ rF+}
rCorr    .         Harm     .   c - +2 pair of gloves
MR       +....                  O - +0 pair of boots
Stlth    ..........             u - amulet of guardian spirit
HPRegen  0.33/turn              b - ring of magical power
MPRegen  0.25/turn              (no ring)

@: lethally poisoned (-3 -> -20), slowed, very slow
A: no striking features
a: Stomp, Line Pass, Renounce Religion


You were on level 1 of the Snake Pit.
You worshipped Uskayaw.
Uskayaw was most pleased with you.
You were hungry.

You visited 5 branches of the dungeon, and saw 22 of its levels.
You also visited: Ice Cave.

You collected 2205 gold pieces.
You spent 940 gold pieces at shops.

Inventory:

Hand Weapons
 a - a +0 war axe of venom
 g - a +6 vampiric broad axe (weapon)
 B - a +0 blowgun
 H - a +2 hunting sling of flaming
 Q - a +1 trident of piercing
Missiles
 n - 7 curare-tipped needles
 s - 2 throwing nets (quivered)
 I - 111 sling bullets
 U - 63 poisoned needles
Armour
 c - a +2 pair of gloves (worn)
 p - a +2 plate armour of cold resistance (worn)
 q - a +2 helmet (worn)
 D - a scarf of resistance (worn)
 E - a +2 shield (worn)
 O - a +0 pair of boots (worn)
Jewellery
 b - a ring of magical power (left hand)
 o - an uncursed ring of resist corrosion
 u - an amulet of guardian spirit (around neck)
 z - a +5 ring of dexterity {unknown}
Wands
 i - a wand of iceblast (25)
 k - a wand of acid (7)
 T - a wand of clouds (8)
 Z - a wand of flame (48)
Scrolls
 h - 8 scrolls of teleportation
 j - 2 scrolls of magic mapping
 t - 8 scrolls of remove curse
 v - 2 scrolls of silence {unknown}
 w - 5 scrolls of fog {unknown}
 y - a scroll of identify
 A - a scroll of summoning {unknown}
 F - 2 scrolls of blinking
 J - 4 scrolls of fear {unknown}
 K - 5 scrolls of immolation
 P - 7 scrolls of enchant armour {unknown}
 R - 2 scrolls of amnesia {unknown}
 V - a scroll of vulnerability {unknown}
 W - a scroll of torment {unknown}
Potions
 d - a potion of might
 e - 2 potions of berserk rage
 l - 2 potions of flight
 m - 3 potions of curing
 r - a potion of mutation
 C - 4 potions of haste
 L - 4 potions of resistance
 M - 2 potions of agility
 S - 2 potions of ambrosia
Comestibles
 f - 19 rations


   Skills:
 + Level 14.6 Fighting
 * Level 16.2 Axes
 - Level 2.1 Throwing
 - Level 10.2 Armour
 + Level 13.6 Shields
 * Level 17.4 Invocations


You had 14 spell levels left.
You didn't know any spells.
Your spell library contained the following spells:

 Spells                   Type           Power        Failure   Level  Hunger
 Animate Skeleton         Necr           N/A          99%         1    ##.....
 Beastly Appendage        Tmut           #.....       99%         1    ##.....
 Flame Tongue             Conj/Fire      #....        99%         1    ##.....
 Infusion                 Chrm           #...         99%         1    ##.....
 Magic Dart               Conj           #...         99%         1    ##.....
 Pain                     Necr           #...         99%         1    ##.....
 Searing Ray              Conj           #.....       100%        2    ###....
 Shroud of Golubria       Chrm/Tloc      #.........   100%        2    ###....
 Song of Slaying          Chrm           #.......     100%        2    ###....
 Sticks to Snakes         Tmut           #.......     100%        2    ###....
 Throw Flame              Conj/Fire      #.....       100%        2    ###....
 Conjure Flame            Conj/Fire      #.......     100%        3    ####...
 Dazzling Spray           Conj/Hex       #.....       100%        3    ####...
 Inner Flame              Hex/Fire       #.......     100%        3    ####...
 Regeneration             Chrm/Necr      #.........   100%        3    ####...
 Spectral Weapon          Hex/Chrm       #.......     100%        3    ####...
 Spider Form              Tmut/Pois      #.........   100%        3    ####...
 Vampiric Draining        Necr           #.........   100%        3    ####...
 Animate Dead             Necr           N/A          100%        4    #####..
 Force Lance              Conj/Tloc      #.......     100%        4    #####..
 Fulminant Prism          Conj/Hex       #.........   100%        4    #####..
 Ice Form                 Ice/Tmut       #.......     100%        4    #####..
 Iskenderun's Mystic Bla  Conj           #.......     100%        4    #####..
 Sticky Flame             Conj/Fire      #.......     100%        4    #####..
 Blade Hands              Tmut           #.........   100%        5    ######.
 Fireball                 Conj/Fire      #.........   100%        5    ######.


Dungeon Overview and Level Annotations

Branches:
Dungeon (12/15)            Temple (1/1) D:7            Lair (6/6) D:11
  Swamp (0/4) Lair:4        Snake (1/4) Lair:4        Slime (0/5) Lair:6
    Orc (2/2) D:10            Elf (0/3) Orc:2

Altars:
Ashenzari
Cheibriados
Dithmenos
Elyvilon
Fedhas
Gozag
Hepliaklqana
Kikubaaqudgha
Makhleb
Nemelex Xobeh
Okawaru
Qazlal
Ru
Sif Muna
Trog
Uskayaw
Vehumet
Wu Jian
Xom
Yredelemnul
Zin
The Shining One

Shops:
D:10 [   Orc:2 !?}(

Annotations:
D:10 3 runed doors, Ladeesh's ghost, journeyman GrEE; Stone's ghost, journeyman MiFi; hemabe's ghost, journeyman HuAr
Lair:1 2 runed doors, Sokk's ghost, journeyman DDFi


Message History

You slash the naga sharpshooter!
The naga sharpshooter is almost dead.
You slash the guardian serpent!
You feel better.
The guardian serpent casts a spell at you.
You feel yourself slow down.
The naga sharpshooter hits you but does no damage.
The naga sharpshooter constricts you. You block the naga's attack.
The naga warrior hits you from afar with a +0 halberd!!
* * * LOW HITPOINT WARNING * * *
The guardian serpent casts a spell at you.
The bolt of poison hits you!
You are lethally poisoned!
* * * LOW HITPOINT WARNING * * *
The bolt of poison hits the naga sharpshooter.
The naga sharpshooter dies!
The naga mage casts a spell at you.
The bolt of poison hits the guardian serpent.
The bolt of poison hits you!
You are more poisoned.
You die...

.......####### #
.......#.....##. #.
.................
#...................
... ....N..........
.. .............
..###S###N.....>....
#.!.NNS@).(.........
#####N###N.(........
# #...()>..... ##
##N#.....##..
#..##..##.####
#.#...###.#
#.....###.#
#.###...#.. . #.
####.#######.####


You could see 2 naga warriors, a mana viper, a guardian serpent, a naga mage and
2 nagas.

Vanquished Creatures
  Rupert (Lair:3)
  Harold (D:8)
  Fannar (Lair:3)
  A centaur warrior (D:8)
  6 hydras
  An anaconda (Snake:1)
  11 two-headed ogres
  2 ogre magi (Orc:2)
  2 naga sharpshooters (Snake:1)
  Sonja (Lair:2)
  2 deep trolls
  A necromancer (IceCv)
  A naga ritualist (Snake:1)
  2 orc knights
  A mana viper (Snake:1)
  2 wolf spiders (Lair:6)
  3 cyclopes
  14 black mambas
  Joseph (D:7)
  A guardian serpent (Lair:6)
  An ice statue (IceCv)
  16 spiny frogs
  The ghost of Armakuni the Slasher, a novice HuSk of Gozag (D:5)
  4 gargoyles
  3 centaur skeletons (D:10)
  A naga mage (Snake:1)
  Psyche (D:8)
  5 rime drakes
  8 komodo dragons
  3 kobold demonologists (D:11)
  The ghost of SkyBlueFox the Conjurer, a novice OpFE of Vehumet (D:5)
  10 freezing wraiths (IceCv)
  11 trolls
  2 tyrant leeches (Lair:4)
  A wolf spider simulacrum (IceCv)
  A polar bear (Lair:4)
  2 hornets (Lair:6)
  2 slime creatures (Lair:6)
  5 dream sheep (Lair:5)
  11 blink frogs
  12 hippogriffs
  A redback (Lair:6)
  12 wyverns
  A wraith (D:11)
  3 hogs (D:8)
  26 yaks
  A basilisk (Lair:2)
  A human (D:8)
  2 vampire mosquitoes
  A death yak simulacrum (IceCv)
  2 hungry ghosts
  8 nagas
  A warg (Orc:2)
  18 water moccasins
  6 porcupines
  Duvessa (D:6)
  11 orc warriors
  8 ice beasts
  4 sky beasts
  A swamp drake (D:10)
  21 wolves
  25 ogres
  5 phantoms
  An eye of draining (D:10)
  2 necrophages
  7 centaurs
  7 crocodiles
  6 big kobolds
  17 bullfrogs
  A wyvern zombie (D:8)
  A gnoll sergeant (D:5)
  Dowan (D:6)
  8 scorpions
  52 killer bees
  An elephant simulacrum (IceCv)
  9 howler monkeys
  9 wights
  6 crimson imps
  3 centaur zombies
  3 draconian simulacra (IceCv)
  2 hounds
  11 orc priests
  3 jellies
  18 orc wizards
  9 iguanas
  5 worker ants
  3 spriggan simulacra (IceCv)
  4 troll simulacra (IceCv)
  2 killer bee zombies (D:6)
  A wolf simulacrum (IceCv)
  A centaur simulacrum (IceCv)
  4 hound zombies
  A hound skeleton (D:4)
  8 gnolls
  3 naga simulacra (IceCv)
  10 adders
  6 ogre simulacra (IceCv)
  4 shadow imps
  12 white imps (IceCv)
  An ooze (D:7)
  3 adder skeletons (D:9)
  3 worms
  2 dart slugs
  11 leopard geckos
  67 orcs
  6 bats
  8 giant cockroaches
  8 goblins
  2 hobgoblins
  18 jackals
  11 quokkas
  3 ball pythons
  3 frilled lizards
  A jackal skeleton (D:4)
  31 kobolds
  A leopard gecko zombie (D:5)
  4 rats
  3 fungi
  10 plants (Lair:6)
752 creatures vanquished.

Vanquished Creatures (others)
  A two-headed ogre (Orc:2)
  A naga sharpshooter (Snake:1)
  An ogre (Orc:2)
  17 fungi
  17 plants
  5 withered plants
42 creatures vanquished.

Grand Total: 794 creatures vanquished

Notes
Turn   | Place    | Note
-------+----------+-------------------------------------------
     0 | D:1      | LLavrengius the Hill Orc Fighter began the quest for the
                  | Orb.
     0 | D:1      | Reached XP level 1. HP: 19/19 MP: 1/1
   207 | D:1      | Reached XP level 2. HP: 22/26 MP: 2/2
   633 | D:2      | Reached XP level 3. HP: 29/31 MP: 3/3
   675 | D:2      | Reached skill level 5 in Axes
  1142 | D:2      | Reached XP level 4. HP: 39/39 MP: 4/4
  1874 | D:3      | Reached XP level 5. HP: 35/45 MP: 5/5
  2469 | D:4      | Found a snail-covered altar of Cheibriados.
  2508 | D:4      | Noticed a phantom
  2539 | D:4      | Killed a phantom
  2539 | D:4      | Reached XP level 6. HP: 20/51 MP: 3/6
  3587 | D:5      | Entered Level 5 of the Dungeon
  3756 | D:5      | Reached XP level 7. HP: 53/57 MP: 5/7
  4077 | D:5      | Reached skill level 10 in Axes
  4629 | D:5      | Reached XP level 8. HP: 20/64 MP: 2/8
  5184 | D:5      | Found a runed gate.
  5184 | D:5      | Found a runed gate.
  5186 | D:5      | Found a runed gate.
  5188 | D:5      | Noticed Armakuni's ghost (novice HuSk)
  5189 | D:5      | Noticed SkyBlueFox's ghost (novice OpFE)
  6783 | D:6      | Noticed Dowan
  6791 | D:6      | Killed Dowan
  6816 | D:6      | Reached skill level 5 in Fighting
  6816 | D:6      | Reached XP level 9. HP: 52/74 MP: 6/9
  7261 | D:6      | Noticed Duvessa
  7293 | D:6      | Killed Duvessa
  7293 | D:6      | Reached skill level 5 in Shields
  8199 | D:7      | Noticed Joseph
  8217 | D:7      | Killed Joseph
  8628 | D:7      | Found a staircase to the Ecumenical Temple.
  8724 | Temple   | Entered the Ecumenical Temple
  8803 | Temple   | Became a worshipper of Uskayaw the Reveler
  8937 | D:8      | Reached * piety under Uskayaw
  8954 | D:8      | Reached ** piety under Uskayaw
  9106 | D:8      | Reached skill level 1 in Invocations
  9232 | D:8      | Noticed Psyche
  9239 | D:8      | Reached skill level 2 in Invocations
  9246 | D:8      | Reached XP level 10. HP: 76/86 MP: 11/11
  9246 | D:8      | Reached *** piety under Uskayaw
  9248 | D:8      | Reached **** piety under Uskayaw
  9251 | D:8      | Killed Psyche
  9251 | D:8      | Reached skill level 3 in Invocations
  9262 | D:8      | Reached ***** piety under Uskayaw
  9346 | D:8      | Noticed a centaur warrior
  9365 | D:8      | Killed a centaur warrior
  9365 | D:8      | Reached skill level 4 in Invocations
  9370 | D:8      | Found a large runed door.
  9371 | D:8      | Found a large runed door.
  9384 | D:8      | Found a radiant altar of Vehumet.
  9384 | D:8      | Noticed an orc knight
  9388 | D:8      | Found a stormy altar of Qazlal.
  9964 | D:8      | Killed an orc knight
  9964 | D:8      | Reached skill level 5 in Invocations
 10275 | D:8      | Reached skill level 6 in Invocations
 10360 | D:8      | Noticed Harold
 10385 | D:8      | Killed Harold
 10385 | D:8      | Reached skill level 15 in Axes
 10385 | D:8      | Reached XP level 11. HP: 71/97 MP: 15/15
 11056 | D:9      | Reached skill level 7 in Invocations
 11261 | D:9      | Found a shimmering altar of Xom.
 11383 | D:9      | Found a shattered altar of Ashenzari.
 11384 | D:9      | Found a hazy altar of Hepliaklqana.
 11384 | D:9      | Noticed a two-headed ogre
 11384 | D:9      | Noticed a two-headed ogre
 11401 | D:9      | Killed a two-headed ogre
 11401 | D:9      | Reached skill level 10 in Fighting
 11462 | D:9      | HP: 3/99 [two-headed ogre/+0 giant club (15)]
 11467 | D:9      | Killed a two-headed ogre
 11840 | D:9      | Found an ornate altar of the Wu Jian Council.
 11841 | D:9      | Found a radiant altar of Vehumet.
 12153 | D:10     | Entered Level 10 of the Dungeon
 12158 | D:10     | Found Woariof Idyrph's Antique Armour Shop.
 12169 | D:10     | Reached skill level 8 in Invocations
 12350 | D:10     | Found a runed gate.
 12351 | D:10     | Found a runed gate.
 12352 | D:10     | Found a runed gate.
 12353 | D:10     | Noticed Stone's ghost (journeyman MiFi)
 12354 | D:10     | Noticed hemabe's ghost (journeyman HuAr)
 12354 | D:10     | Noticed Ladeesh's ghost (journeyman GrEE)
 12694 | D:10     | Reached skill level 10 in Shields
 12759 | D:10     | Reached XP level 12. HP: 108/108 MP: 18/18
 12891 | D:10     | Reached skill level 9 in Invocations
 13481 | D:10     | Found a staircase to the Orcish Mines.
 13898 | D:11     | Found a staircase to the Lair.
 14048 | D:11     | Reached skill level 10 in Invocations
 14292 | D:11     | Noticed a two-headed ogre
 14300 | D:11     | Killed a two-headed ogre
 14688 | D:11     | Reached skill level 5 in Armour
 14688 | D:11     | Reached skill level 11 in Invocations
 14757 | D:12     | Noticed a five-headed hydra
 15994 | D:5      | Killed Armakuni's ghost
 15998 | D:5      | Killed SkyBlueFox's ghost
 16154 | Lair:1   | Entered Level 1 of the Lair of Beasts
 16232 | Lair:1   | Reached skill level 1 in Throwing
 16615 | Lair:1   | Found a large runed door.
 16617 | Lair:1   | Found a large runed door.
 16618 | Lair:1   | Noticed Sokk's ghost (journeyman DDFi)
 17001 | Lair:2   | Reached XP level 13. HP: 111/117 MP: 21/21
 17279 | Lair:2   | Reached skill level 12 in Invocations
 17671 | Lair:2   | Noticed Sonja
 17736 | Lair:2   | Killed Sonja
 18660 | Lair:3   | Noticed Fannar
 18662 | Lair:3   | Noticed Rupert
 18697 | Lair:3   | Killed Rupert
 18703 | Lair:3   | Killed Fannar
 18703 | Lair:3   | Reached skill level 13 in Invocations
 19471 | Lair:4   | Reached ****** piety under Uskayaw
 20074 | Lair:4   | Found a staircase to the Snake Pit.
 20652 | Lair:4   | Found a staircase to the Swamp.
 20865 | Lair:5   | Reached skill level 14 in Invocations
 21083 | Lair:5   | Reached XP level 14. HP: 79/129 MP: 20/24
 21981 | Lair:6   | Entered Level 6 of the Lair of Beasts
 21996 | Lair:6   | Found a frozen archway.
 22046 | IceCv    | Entered an ice cave
 22580 | IceCv    | Found an ancient bone altar of Kikubaaqudgha.
 22594 | IceCv    | Reached skill level 15 in Invocations
 23107 | Lair:6   | Found an ornate altar of the Wu Jian Council.
 24388 | Lair:6   | Reached skill level 16 in Invocations
 24576 | Lair:6   | Found a staircase to the Slime Pits.
 25225 | Lair:6   | Reached XP level 15. HP: 129/138 MP: 27/27
 25565 | Orc:1    | Entered Level 1 of the Orcish Mines
 26013 | Orc:2    | Entered Level 2 of the Orcish Mines
 26014 | Orc:2    | Found a staircase to the Elven Halls.
 26175 | Orc:2    | Found a bloodstained altar of Trog.
 26895 | Orc:2    | Reached skill level 10 in Armour
 27218 | Orc:2    | Reached skill level 17 in Invocations
 27493 | Orc:2    | Found Ovvacesy's Antique Weapon Shoppe.
 27531 | Orc:2    | Found Vyecaik's Gadget Boutique.
 27717 | Orc:2    | Found Xaty's Magic Scroll Emporium.
 27718 | Orc:2    | Found Fiuguav's Distillery.
 27780 | Orc:2    | Bought a scroll of acquirement for 520 gold pieces
 27806 | Orc:2    | Bought a scroll of enchant weapon for 75 gold pieces
 27806 | Orc:2    | Bought a scroll of enchant weapon for 75 gold pieces
 27810 | Orc:2    | Bought a scroll of brand weapon for 200 gold pieces
 27810 | Orc:2    | Bought a scroll of immolation for 35 gold pieces
 27810 | Orc:2    | Bought a scroll of magic mapping for 35 gold pieces
 28019 | Snake:1  | Entered Level 1 of the Snake Pit
 28170 | Snake:1  | Found a bloodstained altar of Trog.
 28230 | Snake:1  | HP: 6/139 [guardian serpent (10)]
 28232 | Snake:1  | HP: 2/139 [guardian serpent (4)]
 28234 | Snake:1  | Killed from afar by a naga mage

Vault maps used:
D:1:      saegor_arrival_simple_e, chequers_mini_garden, minmay_tromino_v7
D:2:      corexii_corridor_pit
D:3:      first_ration
D:4:      kennysheep_little_box
D:5:      gammafunk_ghost_cemetery
D:6:      minmay_razor_zed, hangedman_decor_clover_reticule, uniq_duvessa
D:7:      minmay_temple_entry_glassed_door, uniq_joseph
D:8:      grunt_livestock, hangedman_abyss_or_decor_clamps,
          jmf_multi_god_temple2, uniq_psyche, uniq_harold
D:9:      grunt_temple_overflow_open, minmay_alternating_orb
D:10:     erik_orc_1, gammafunk_ghost_cemetery, serial_shops, shop_statue,
          kennysheep_donut
D:11:     lair_entry_dummy
D:12:     minmay_the_grid_square_5x5_5x5, serial_shops, nicolae_shop_waterfront
Temple:   nicolae_temple_elliptical
Lair:1:   ebering_ghost_disaster_area, chequers_serial_rivers_marsh
Lair:2:   grunt_megastairs_3, uniq_sonja
Lair:3:   uniq_fannar, uniq_rupert
Lair:4:   wad_woods_minihive, minmay_swamp_entry_worms,
          minmay_snake_entry_guardpost_medium, infiniplex_staircase_pool_2
Lair:5:   nicolae_quartered_pool_medium, chequers_serial_rivers_micro_a
Lair:6:   hangedman_lair_tendril_chambers, minmay_slime_entry_pillars,
          basic_altar, portal_ice_cave_rime, chequers_serial_rivers_room_a,
          serial_bayou_pond_a, minivault_26
Snake:1:  basic_altar, serial_bayou_shore_a
Orc:2:    st_orc_open, basic_altar
IceCv:    ice_cave_small_necro

Skill      XL: |  1  2  3  4  5  6  7  8  9 10 11 12 13 14 15 |
---------------+----------------------------------------------+-----
Axes           | 3 4 5 6 8 9 11 13 14 15 16 | 16.2
Fighting       | 5 7 9 10 11 13 14 | 14.6
Shields        | 4 6 8 10 11 12 13 | 13.6
Invocations    | 2 6 8 11 14 16 17 | 17.4
Armour         | 5 7 9 10 | 10.2
Throwing       | 1 2 |  2.1

Action                   |  1- 3 |  4- 6 |  7- 9 | 10-12 | 13-15 || total
-------------------------+-------+-------+-------+-------+-------++-------
Melee: War axe           |   113 |   188 |   482 |   895 |  1217 ||  2895
       Short sword       |       |       |    25 |    20 |       ||    45
       Trident           |       |       |       |    11 |    78 ||    89
       Broad axe         |       |       |       |       |    54 ||    54
 Fire: Hunting sling     |       |       |       |     3 |       ||     3
       Blowgun           |       |       |       |       |     7 ||     7
Throw: Throwing net      |       |       |       |       |     2 ||     2
Invok: Line Pass         |       |       |       |     5 |     2 ||     7
       Stomp             |       |       |       |     4 |    25 ||    29
       Grand Finale      |       |       |       |       |     2 ||     2
  Use: Scroll            |       |       |    12 |     4 |    15 ||    31
       Potion            |       |       |     1 |     1 |    11 ||    13
 Stab: Paralysed         |       |       |       |    70 |   185 ||   255
       Confused          |       |       |       |       |     2 ||     2
       Invisible         |       |       |       |       |     5 ||     5
  Eat: Chunk             |       |     9 |    15 |    24 |    24 ||    72
       Ration            |       |       |     1 |     4 |     8 ||    13
Armor: Scale mail        |    44 |    20 |       |       |       ||    64
       Chain mail        |       |    64 |   142 |       |       ||   206
       Plate armour      |       |       |    14 |   316 |   713 ||  1043
Dodge: Dodged            |    41 |    38 |    86 |   114 |   301 ||   580
Block: Shield            |    65 |   107 |   175 |   380 |  1000 ||  1727

Table legend:
 A = Non-vault XP
 B = Vault XP
 C = Vault XP percentage of total XP
 D = Non-vault monster count
 E = Vault monster count
 F = Vault count percentage of total count
                 A         B        C        D         E       F
            +---------+---------+-------+---------+---------+-------
      Total |   62825 |   50615 |  44.6 |     494 |     248 |  33.4
            +---------+---------+-------+---------+---------+-------
        D:1 |      25 |       3 |  10.7 |      13 |       2 |  13.3
        D:2 |      80 |       0 |   0.0 |      25 |       0 |   0.0
        D:3 |      84 |       0 |   0.0 |      18 |       0 |   0.0
        D:4 |     359 |       0 |   0.0 |      23 |       0 |   0.0
        D:5 |    1081 |     759 |  41.2 |      36 |       2 |   5.3
        D:6 |     869 |     465 |  34.9 |      21 |       7 |  25.0
        D:7 |     809 |     466 |  36.5 |      21 |       1 |   4.5
        D:8 |    1434 |    4471 |  75.7 |      22 |      13 |  37.1
        D:9 |    3933 |     862 |  18.0 |      33 |      14 |  29.8
       D:10 |    5123 |     593 |  10.4 |      45 |      17 |  27.4
       D:11 |    6782 |       0 |   0.0 |      60 |       0 |   0.0
       D:12 |      91 |      66 |  42.0 |       3 |       1 |  25.0
     Lair:1 |    1701 |       0 |   0.0 |       7 |       0 |   0.0
     Lair:2 |    5575 |     827 |  12.9 |      26 |       1 |   3.7
     Lair:3 |    2670 |    3897 |  59.3 |      15 |       2 |  11.8
     Lair:4 |    3993 |    4309 |  51.9 |      15 |      52 |  77.6
     Lair:5 |    7127 |       0 |   0.0 |      20 |       0 |   0.0
     Lair:6 |    9218 |   12598 |  57.7 |      38 |      45 |  54.2
    Snake:1 |    7519 |       0 |   0.0 |      14 |       0 |   0.0
      Orc:1 |    1777 |    3971 |  69.1 |      18 |       8 |  30.8
      Orc:2 |    2575 |   10921 |  80.9 |      21 |      29 |  58.0
      IceCv |       0 |    6407 | 100.0 |       0 |      54 | 100.0
            +---------+---------+-------+---------+---------+-------
